 Dungeon Crawl Stone Soup version 0.29-a0-111-gbaf749a769 (webtiles) character file.

Game seed: 6697136144421905259

64327 siradein the Impaler (level 14, -1/127 HPs)
             Began as a Minotaur Gladiator on Feb 18, 2022.
             Was an Initiate of Yredelemnul.
             Killed by divine providence
             ... invoked by an orc priest
              (14 damage)
             ... on level 1 of the Orcish Mines.
             The game lasted 01:17:49 (20413 turns).

siradein the Impaler (Minotaur Gladiator)          Turns: 20413, Time: 01:17:50

Health: -1/127     AC: 21    Str: 24    XL:     14   Next: 71%
Magic:  20/20      EV: 22    Int: 10    God:    Yredelemnul [......]
Gold:   1219       SH:  0    Dex: 22    Spells: 13/13 levels left

rFire   . . .      SeeInvis .   a - +6 scythe of the Common Good {vamp, Int+5}
rCold   . . .      Faith    .   (shield currently unavailable)
rNeg    + . .      Spirit   .   O - +6 scale mail of an ice cave {rPois Str+4 Slay+3}
rPois   +          Reflect  .   (helmet restricted)
rElec   .          Harm     .   b - +0 cloak
rCorr   +          Rampage  +   L - +0 pair of gloves
Will    +....                   r - +2 pair of boots
Stlth   ..........              Y - amulet of Cifeufuiv {Rampage rN+ Regen+ rCorr}
HPRegen 1.11/turn               l - +6 ring of dexterity
MPRegen 0.17/turn               m - +4 ring of evasion

@: studying 2 skills
A: horns 2, retaliatory headbutt, claws 1, fangs 1, subdued magic 1
a: Renounce Religion, Recall Undead Harvest


You were on level 1 of the Orcish Mines.
You worshipped Yredelemnul.
Yredelemnul was aware of your devotion.
You visited 3 branches of the dungeon, and saw 20 of its levels.
You also visited: Bailey and Gauntlet.

You collected 1419 gold pieces.
You spent 200 gold pieces at shops.

Inventory:

Hand Weapons
 a - the +6 scythe of the Common Good (weapon) {vamp, Int+5}
   (You bought it in a shop on level 6 of the Dungeon)

   It occasionally heals its wielder for a portion of the damage dealt when it
   wounds a living foe.
   Int:       It affects your intelligence (+5).
 P - a +4 shortbow
 T - a +1 spear of flaming
Missiles
 d - 4 throwing nets
 q - 10 boomerangs
 Q - 383 arrows
 Z - 6 javelins
Armour
 b - a +0 cloak (worn)
 r - a +2 pair of boots (worn)
 L - a +0 pair of gloves (worn)
 O - the +6 scale mail of an ice cave (worn) {rPois Str+4 Slay+3}
   (You found it on level 9 of the Dungeon)

   Str:       It affects your strength (+4).
   Slay:      It affects your accuracy & damage with ranged weapons and melee
   (+3).
   rPois:     It protects you from poison.
Jewellery
 c - a ring of ice
 l - a +6 ring of dexterity (left hand)
 m - a +4 ring of evasion (right hand)
 z - a ring of flight
 N - a ring of positive energy
 W - the amulet of the Briny Deep {Spirit rElec rC+ rCorr}
   (You found it in a Gauntlet)

   [amulet of guardian spirit]

   It causes incoming damage to be divided between your reserves of health and
   magic.
   rC:        It protects you from cold.
   rElec:     It insulates you from electricity.
   rCorr:     It protects you from acid and corrosion.
 Y - the amulet of Cifeufuiv (around neck) {Rampage rN+ Regen+ rCorr}
   (You found it in a Gauntlet)

   [amulet of regeneration]

   rN:        It protects you from negative energy.
   Regen:     It increases your rate of health regeneration.
   rCorr:     It protects you from acid and corrosion.
   Rampage:   It bestows one free step when moving towards enemies.
Wands
 v - a wand of flame (27)
 E - a wand of acid (5)
 I - a wand of polymorph (8)
 J - a wand of charming (6)
 S - a wand of iceblast (13)
 U - a wand of mindburst (1)
Scrolls
 h - a scroll of immolation {unknown}
 i - 3 scrolls of fear
 k - 5 scrolls of enchant armour
 o - 6 scrolls of magic mapping
 t - 3 scrolls of fog
 u - 3 scrolls of teleportation
 w - a scroll of holy word {unknown}
 C - a scroll of blinking
 G - a scroll of vulnerability {unknown}
 K - 3 scrolls of enchant weapon
Potions
 e - a potion of might
 f - 4 potions of lignification
 g - 3 potions of invisibility
 j - 6 potions of curing
 n - 4 potions of heal wounds
 s - 4 potions of haste
 x - a potion of magic
 A - 2 potions of brilliance
 B - 5 potions of cancellation {unknown}
 D - 4 potions of flight {unknown}
 F - 2 potions of mutation
 H - 3 potions of degeneration {unknown}
 M - 6 potions of ambrosia
 R - a potion of resistance {unknown}
 V - a potion of berserk rage {unknown}
 X - 3 potions of attraction {unknown}
Miscellaneous
 p - a phial of floods
 y - a phantom mirror


   Skills:
 + Level 12.4 Fighting
 * Level 18.7 Polearms
 + Level 10.6 Throwing
 + Level 12.0 Armour
 + Level 11.6 Dodging
 + Level 10.1 Invocations


You had 13 spell levels left.
You didn't know any spells.
Your spell library contained the following spells:

 Spells                   Type           Power      Damage    Failure   Level
 Animate Skeleton         Necr           0%         N/A       54%         1
 Beastly Appendage        Tmut           0%         N/A       54%         1
 Magic Dart               Conj           0%         1d3       54%         1
 Pain                     Necr           0%         1d4       54%         1
 Sting                    Tmut/Pois      0%         1d3       54%         1
 Blink                    Tloc           0%         N/A       71%         2
 Call Imp                 Summ           0%         N/A       71%         2
 Poisonous Vapours        Pois/Air       0%         N/A       71%         2
 Searing Ray              Conj           0%         2d4       71%         2
 Wereblood                Tmut           0%         N/A       71%         2
 Frozen Ramparts          Ice            0%         1d2       90%         3
 Gell's Gravitas          Tloc           0%         N/A       90%         3
 Ignite Poison            Fire/Tmut/Pois 0%         N/A       90%         3
 Lesser Beckoning         Tloc           0%         N/A       90%         3
 Mephitic Cloud           Conj/Pois/Air  0%         N/A       90%         3
 Spider Form              Tmut/Pois      0%         N/A       90%         3
 Summon Guardian Golem    Hex/Summ       0%         N/A       90%         3
 Teleport Other           Tloc           0%         N/A       90%         3
 Vampiric Draining        Necr           0%         2d6       90%         3
 Animate Dead             Necr           0%         N/A       100%        4
 Fulminant Prism          Conj/Hex       0%         3d6       100%        4
 Ice Form                 Ice/Tmut       0%         N/A       100%        4
 Olgreb's Toxic Radiance  Pois           0%         N/A       100%        4
 Summon Ice Beast         Ice/Summ       0%         N/A       100%        4
 Agony                    Necr           0%         N/A       100%        5
 Excruciating Wounds      Necr           0%         N/A       100%        5
 Freezing Cloud           Conj/Ice/Air   0%         6-21      100%        5
 Manifold Assault         Tloc           0%         N/A       100%        5
 Summon Forest            Summ/Tloc      0%         N/A       100%        5
 Eringya's Noxious Bog    Tmut/Pois      0%         N/A       100%        6
 Haunt                    Necr/Summ      0%         N/A       100%        7
 Orb of Destruction       Conj           0%         9d5       100%        7
 Spellforged Servitor     Conj/Summ      0%         N/A       100%        7
 Summon Hydra             Summ           0%         N/A       100%        7
 Infestation              Necr           0%         N/A       100%        8


Dungeon Overview and Level Annotations

Branches:
Dungeon (12/15)            Temple (0/1) D:6            Lair (6/6) D:10
 Shoals (0/4) Lair:4        Snake (0/4) Lair:4        Slime (0/5) Lair:6
    Orc (2/2) D:12            Elf (0/3) Orc:2        Bailey (visited)
Gauntlet (visited)

Altars:
Hepliaklqana
Nemelex Xobeh
Qazlal
Ru
Sif Muna
Vehumet
Wu Jian
Xom
Yredelemnul
Beogh
Jiyva

Shops:
D:6 *

Annotations:
Lair:5 1 runed translucent door, Wanecan's ghost, journeyman HuBe


Innate Abilities, Weirdness & Mutations

You have a pair of horns on your head.
You reflexively headbutt those who attack you in melee.
You have sharp fingernails.
You have very sharp teeth.
Your spells are a little easier to cast, but a little less powerful.


Message History

Beogh smites you!
* * * LOW HITPOINT WARNING * * *
The orc barely misses you. The orc closely misses you.
Unknown command.
You slice the orc warrior!!
You feel better.
You kill the orc warrior!
The orc priest miscasts a cantrip.
The orc misses you.
The orc priest invokes the aid of Beogh against you.
Beogh smites you!
* * * LOW HITPOINT WARNING * * *
You slice the orc priest!!
You kill the orc priest!
A black mist starts to gather...
The orc hits your orc priest zombie with a +0 club.
The orc hits you but does no damage. The orc warrior misses you.
Unknown command.
You slice the orc!!
You feel better.
You kill the orc!
A black mist starts to gather...
The orc wizard mumbles some strange words.
The orc wizard flickers and vanishes!
Deactivating autopickup; reactivate with Ctrl-A.
The troll closely misses you. You furiously retaliate!
You headbutt the troll! The troll closely misses you. The troll claws you.
* * * LOW HITPOINT WARNING * * *
The orc hits you but does no damage.
The orc hits your orc zombie with a +0 flail of protection.
The orc warrior hits your orc priest zombie with a +0 scimitar!
The orc warrior misses you. The orc closely misses you.
Unknown command.
Unknown command.
You swap places.
An orc priest and 2 orcs come into view.
An orc is wielding a +1 vorpal trident.
The orc priest shouts!
The orc priest invokes the aid of Beogh against you.
Beogh smites you!
You die...
Your body rises from the dead as a mindless zombie.

.. .....
######....
###.#.#.o.o## o
##...........#..
#.......#.....#.
##.#...T#.......
#.....oZZo......
#..$.ooo@.......
..#.....o........
#.oo...........
o...o...........#
.................
..............#.#
$.#.#........## #
..#.##.......#


You could see a troll (ally target), 2 orc warriors, 3 orc priests, an orc
wizard, 6 orcs, a friendly orc zombie and a friendly orc priest zombie.

Vanquished Creatures
  A minotaur (Gauntlet)
  Josephine (Lair:6)
  Harold (D:7)
  Fannar (D:12)
  A great orb of eyes (Gauntlet)
  2 boulder beetles (D:12)
  A catoblepas (Lair:4)
  4 hydras
  A centaur warrior (D:11)
  4 two-headed ogres
  A fire crab (Lair:6)
  5 skeletal warriors
  Pikel (D:7)
  An orange crystal statue (Gauntlet)
  2 deep elf pyromancers
  2 cyclopes
  4 ugly things
  9 black mambas
  4 elephants (Lair:2)
  A torpor snail (Lair:6)
  5 cane toads
  2 rime drakes
  5 komodo dragons
  A queen bee (D:9)
  3 trolls
  A hornet (D:9)
  A polar bear (Lair:4)
  13 blink frogs
  A shadow (D:10)
  A culicivora (shapeshifter) (Gauntlet)
  Sigmund (D:4)
  3 spriggans (Bailey)
  4 wraiths
  A hog (D:12)
  40 yaks
  4 wyverns
  3 basilisks
  4 steam dragons
  Grum (D:10)
  3 vampire mosquitoes (D:10)
  An acid dragon (D:10)
  A warg (Orc:2)
  14 water moccasins
  4 hell hounds (Lair:6)
  A sky beast (D:7)
  9 orc warriors
  2 black bears
  2 necrophages
  An ice beast (D:7)
  10 ogres
  A boggart (shapeshifter) (Gauntlet)
  3 wolves (D:10)
  9 centaurs
  2 phantoms
  A kobold brigand (D:9)
  9 bullfrogs
  3 scorpions
  A gnoll sergeant (D:10)
  A water moccasin zombie (D:6)
  A wyvern skeleton (D:7)
  32 killer bees
  9 wights
  An electric eel (Lair:2)
  A howler monkey (D:5)
  4 lava snakes (Lair:6)
  3 centaur zombies
  3 hounds
  A jelly (D:7)
  Crazy Yiuf (D:2)
  9 orc priests
  2 centaur skeletons (D:7)
  A gnoll shaman (D:8)
  3 iguanas
  9 orc wizards
  2 killer bee zombies (D:7)
  A mummy (D:7)
  2 howler monkey zombies
  Robin (D:4)
  12 adders
  14 gnolls
  4 white imps
  An ufetubus (D:4)
  4 worms
  3 dart slugs
  20 orcs
  3 endoplasms
  5 giant cockroaches
  16 goblins
  5 hobgoblins
  5 jackals
  3 quokkas
  10 ball pythons
  6 bats
  3 frilled lizards
  12 kobolds
  4 rats
435 creatures vanquished.

Vanquished Creatures (collateral kills)
  Gastronok (Lair:2)
  A spectral human (D:12)
  A fire dragon (Lair:6)
  3 hydras
  A two-headed ogre (Bailey)
  A cyclops (D:10)
  A manticore (D:12)
  A merfolk siren (Lair:4)
  3 black mambas
  A gargoyle (D:12)
  3 molten gargoyles (Lair:6)
  4 cane toads
  A kobold demonologist (D:6)
  4 komodo dragons
  8 blink frogs
  A spriggan (Bailey)
  9 yaks
  2 wyverns (Lair:6)
  A basilisk (Lair:4)
  8 hogs (Lair:6)
  A steam dragon (Lair:6)
  Menkaure (D:5)
  3 water moccasins
  An acid dragon (D:9)
  3 ogres
  3 centaurs
  A phantom (D:5)
  2 bullfrogs
  A gnoll sergeant (D:9)
  A scorpion (D:7)
  6 killer bees
  A centaur zombie (D:6)
  A lava snake (Lair:6)
  A gnoll shaman (D:8)
  An orc priest (D:12)
  A hound (D:4)
  A jelly (D:6)
  An iguana (D:5)
  A howler monkey skeleton (D:4)
  5 gnolls
  An adder (D:2)
  A dart slug (D:3)
  2 orcs
  A goblin (D:4)
  2 frilled lizards (D:2)
  A rat (D:2)
99 creatures vanquished.

Vanquished Creatures (others)
  An ugly thing zombie (Gauntlet)
  An unseen horror (D:12)
  A hydra zombie (Lair:6)
  A black mamba zombie (Lair:6)
  A basilisk (Lair:6)
  A human zombie (Lair:6)
  A two-headed ogre zombie (D:10)
  2 cane toad zombies
  2 blink frog zombies (Lair:1)
  A centaur (D:12)
  2 hog zombies (Lair:6)
  A torpor snail zombie (Lair:6)
  2 komodo dragon zombies (Lair:6)
  2 hell hound zombies (Lair:6)
  4 wyvern zombies
  2 water moccasin zombies
  A warg zombie (Orc:2)
  6 yak zombies
  4 bullfrog zombies
  4 centaur zombies
  10 killer bee zombies
  3 ogre zombies
  A hound zombie (D:4)
  A howler monkey zombie (D:5)
  2 steam dragon zombies (Lair:6)
  6 adder zombies
  2 bat zombies (D:2)
  5 gnoll zombies
  2 ball python zombies
  A frilled lizard zombie (D:2)
  2 goblin zombies (D:4)
  A hobgoblin zombie (D:4)
  3 kobold zombies (D:9)
  6 orc zombies
  A quokka zombie (D:3)
  47 fungi
  77 plants
210 creatures vanquished.

Grand Total: 744 creatures vanquished

Notes
Turn   | Place    | Note
-------+----------+-------------------------------------------
     0 | D:1      | siradein the Minotaur Gladiator began the quest for the
                  | Orb.
     0 | D:1      | Reached XP level 1. HP: 18/18 MP: 0/0
    28 | D:1      | Found a faded altar of an unknown god.
   100 | D:1      | Reached XP level 2. HP: 25/25 MP: 1/1
   435 | D:1      | Reached skill level 4 in Polearms
   789 | D:1      | Reached XP level 3. HP: 31/31 MP: 2/2
  1268 | D:2      | Found a basalt altar of Yredelemnul.
  1293 | D:2      | Became a worshipper of Yredelemnul the Dark
  1547 | D:2      | Reached * piety under Yredelemnul
  1588 | D:2      | Reached skill level 1 in Armour
  1659 | D:2      | Reached XP level 4. HP: 30/38 MP: 3/3
  1817 | D:2      | Reached ** piety under Yredelemnul
  1979 | D:2      | Found a runed translucent door.
  1980 | D:2      | Noticed Crazy Yiuf
  2242 | D:2      | Reached skill level 1 in Invocations
  2491 | D:2      | Killed Crazy Yiuf
  2492 | D:2      | Reached XP level 5. HP: 45/45 MP: 1/4
  2876 | D:3      | Found a shimmering altar of Xom.
  2990 | D:3      | Found a basalt altar of Yredelemnul.
  3332 | D:4      | Noticed Sigmund
  3333 | D:4      | Noticed an ogre
  3350 | D:4      | Killed an ogre
  3351 | D:4      | Reached XP level 6. HP: 52/52 MP: 6/6
  3397 | D:4      | Killed Sigmund
  3398 | D:4      | Reached skill level 5 in Polearms
  3847 | D:4      | Noticed Robin
  3850 | D:4      | Reached XP level 7. HP: 56/60 MP: 7/7
  3869 | D:4      | Killed Robin
  3906 | D:4      | Found a sacrificial altar of Ru.
  3918 | D:4      | Found a shimmering blue altar of Sif Muna.
  3945 | D:4      | Found a stormy altar of Qazlal.
  4093 | D:4      | Found a hazy altar of Hepliaklqana.
  4435 | D:5      | Entered Level 5 of the Dungeon
  4439 | D:5      | Noticed a two-headed ogre
  4450 | D:4      | Reached skill level 5 in Dodging
  4455 | D:4      | Killed a two-headed ogre
  4456 | D:4      | Reached skill level 5 in Fighting
  4456 | D:4      | Reached skill level 7 in Polearms
  4456 | D:4      | Reached XP level 8. HP: 50/69 MP: 7/9
  5040 | D:5      | Reached skill level 5 in Throwing
  5130 | D:5      | Noticed Menkaure
  5136 | D:5      | Killed Menkaure
  5209 | D:5      | Reached skill level 5 in Armour
  5417 | D:5      | Gained mutation: You have sharp fingernails. [potion of
                  | mutation]
  5417 | D:5      | Gained mutation: You have very sharp teeth. [potion of
                  | mutation]
  5417 | D:5      | Gained mutation: Your spells are a little easier to cast,
                  | but a little less powerful. [potion of mutation]
  5466 | D:6      | Reached XP level 9. HP: 54/75 MP: 9/11
  5470 | D:6      | Reached skill level 8 in Polearms
  5482 | D:6      | HP: 3/78 [centaur zombie (4)]
  5854 | D:6      | Found Penwabb's Assorted Antiques.
  5907 | D:6      | Bought a brightly glowing scythe for 200 gold pieces
  5907 | D:6      | Identified the +6 scythe of the Common Good {vamp, Int+5}
                  | (You bought it in a shop on level 6 of the Dungeon)
  6049 | D:6      | Noticed a kobold demonologist
  6054 | D:6      | Noticed a rust devil
  6055 | D:6      | Killed a kobold demonologist
  6056 | D:6      | Reached *** piety under Yredelemnul
  6056 | D:6      | Reached skill level 9 in Polearms
  6254 | D:6      | Found a staircase to the Ecumenical Temple.
  6537 | D:7      | Reached skill level 5 in Invocations
  6622 | D:7      | Found a flagged portal.
  6699 | Bailey   | Entered a bailey
  6727 | Bailey   | Reached XP level 10. HP: 70/86 MP: 12/12
  6820 | Bailey   | Identified the +7 scimitar "siradein's Foe" {flame, MP+9
                  | SInv}
  6865 | Bailey   | Reached skill level 10 in Polearms
  7010 | Bailey   | Noticed a two-headed ogre
  7017 | Bailey   | Killed a two-headed ogre
  7024 | Bailey   | Identified the +4 battleaxe of a volcano {flame, Will+++
                  | rCorr MP+9 Str-2}
  7114 | D:7      | Noticed Pikel
  7126 | D:7      | Killed Pikel
  7280 | D:7      | Found an ornate altar of the Wu Jian Council.
  7280 | D:7      | Found a radiant altar of Vehumet.
  7280 | D:7      | Found a sparkling altar of Nemelex Xobeh.
  7283 | D:7      | Noticed a two-headed ogre
  7288 | D:7      | Killed a two-headed ogre
  7319 | D:7      | Reached skill level 11 in Polearms
  7357 | D:7      | Noticed Harold
  7371 | D:7      | Killed Harold
  7372 | D:7      | Reached XP level 11. HP: 94/94 MP: 9/14
  8417 | D:8      | Identified the ring of Dugy {Ice Int+2}
  8705 | D:9      | Identified the +2 leather armour of Free Expression {rF++
                  | Dex-2 SInv}
  9415 | D:9      | Reached **** piety under Yredelemnul
  9427 | D:9      | Identified the +6 scale mail of an ice cave {rPois Str+4
                  | Slay+3}
  9452 | D:9      | Reached skill level 12 in Polearms
  9654 | D:10     | Entered Level 10 of the Dungeon
 10014 | D:10     | Found a staircase to the Lair.
 10238 | D:10     | You fall into a shaft and drop 2 floors!
 11066 | D:10     | Noticed Grum
 11074 | D:10     | Killed Grum
 11768 | D:10     | Identified the +1 hand axe "Aluliseo" {antimagic, rF++ rC+
                  | Dex+2 Stlth-}
 11887 | D:11     | Noticed a six-headed hydra
 11958 | D:11     | Noticed a skeletal warrior
 12134 | D:11     | Noticed a skeletal warrior
 12168 | D:11     | Noticed a centaur warrior
 12175 | D:11     | Killed a centaur warrior
 12195 | D:11     | Reached XP level 12. HP: 105/105 MP: 16/16
 12201 | D:11     | Noticed a two-headed ogre
 12430 | Lair:1   | Entered Level 1 of the Lair of Beasts
 12620 | Lair:1   | Reached skill level 13 in Polearms
 12873 | Lair:1   | Reached ***** piety under Yredelemnul
 13224 | Lair:2   | Reached skill level 10 in Fighting
 13249 | Lair:2   | Noticed an eight-headed hydra
 13261 | Lair:2   | Killed an eight-headed hydra
 13324 | Lair:2   | Reached skill level 14 in Polearms
 13359 | Lair:2   | Found a gate leading to a gauntlet.
 13368 | Gauntlet | Entered a Gauntlet
 13368 | Gauntlet | Found a transporter.
 13368 | Gauntlet | Found a transporter.
 13385 | Gauntlet | Found a transporter.
 13395 | Gauntlet | Found a transporter.
 13396 | Gauntlet | Noticed a great orb of eyes
 13398 | Gauntlet | Found a transporter.
 13398 | Gauntlet | Found a transporter.
 13400 | Gauntlet | Found a transporter.
 13400 | Gauntlet | Found a transporter.
 13413 | Gauntlet | Found a transporter.
 13414 | Gauntlet | Noticed a hell hog
 13429 | Gauntlet | Found a transporter.
 13439 | Gauntlet | Found a transporter.
 13444 | Gauntlet | Found a transporter.
 13478 | Gauntlet | Found a transporter.
 13480 | Gauntlet | Found a runed translucent door.
 13486 | Gauntlet | Found a runed translucent door.
 13490 | Gauntlet | Found a transporter.
 13576 | Gauntlet | Reached skill level 10 in Armour
 13585 | Gauntlet | Killed a great orb of eyes
 13586 | Gauntlet | Reached skill level 10 in Dodging
 13592 | Gauntlet | Identified the amulet of the Briny Deep {Spirit rElec rC+
                  | rCorr}
 13608 | Gauntlet | Identified the +2 scale mail of Duty {rF+}
 13647 | Gauntlet | Reached XP level 13. HP: 96/114 MP: 18/18
 13664 | Gauntlet | Identified the amulet of Cifeufuiv {Rampage rN+ Regen+
                  | rCorr}
 13718 | Gauntlet | Noticed a minotaur
 13735 | Gauntlet | Killed a minotaur
 14131 | Lair:2   | Noticed Gastronok
 14137 | Lair:2   | Killed Gastronok
 14322 | Lair:2   | Identified a scroll of acquirement
 14325 | Lair:2   | Acquired a manual of Polearms
 15119 | Lair:4   | Reached skill level 15 in Polearms
 15151 | Lair:4   | Found a staircase to the Snake Pit.
 15240 | Lair:4   | Found a staircase to the Shoals.
 15284 | Lair:4   | Reached ****** piety under Yredelemnul
 16104 | Lair:5   | Found a runed translucent door.
 16113 | Lair:5   | Reached skill level 16 in Polearms
 16124 | Lair:5   | Noticed Wanecan's ghost (journeyman HuBe)
 17249 | D:11     | Reached skill level 10 in Throwing
 17249 | D:11     | Reached XP level 14. HP: 107/125 MP: 20/20
 17594 | Lair:6   | Entered Level 6 of the Lair of Beasts
 17606 | Lair:6   | Reached skill level 17 in Polearms
 17635 | Lair:6   | Noticed Josephine
 17642 | Lair:6   | Killed Josephine
 17644 | Lair:6   | Your ally Josephine died
 17793 | Lair:6   | Found a staircase to the Slime Pits.
 17794 | Lair:6   | Found a viscous altar of Jiyva.
 17804 | Lair:6   | Noticed Kirke
 17821 | Lair:6   | Killed Kirke
 17821 | Lair:6   | Enslaved Kirke
 18163 | Lair:6   | Found a large runed translucent door.
 18198 | Lair:6   | Found a large runed translucent door.
 18646 | Lair:6   | Reached skill level 18 in Polearms
 19398 | D:12     | Your ally Kirke died
 19501 | D:12     | Reached skill level 10 in Invocations
 19545 | D:12     | Noticed Fannar
 19558 | D:12     | Killed Fannar
 19592 | D:12     | Found a staircase to the Orcish Mines.
 20226 | Orc:1    | Entered Level 1 of the Orcish Mines
 20289 | Orc:2    | Entered Level 2 of the Orcish Mines
 20289 | Orc:2    | Found a staircase to the Elven Halls.
 20372 | Orc:2    | Noticed an orc warlord
 20413 | Orc:1    | Killed from afar by an orc priest

Illustrated notes

Levels and vault maps discovered:
D:1:      dpeg_arrival_tiny_a, layout_loops_corners, serial_forest,
          infiniplex_forest_clump_small, infiniplex_forest_straight_2,
          infiniplex_forest_straight_3, infiniplex_forest_straight_4,
          infiniplex_forest_straight_4, infiniplex_forest_clump_long,
          infiniplex_forest_clump_tiny, infiniplex_forest_end_2,
          infiniplex_forest_straight_3, hellmonk_ecumenical_altar_dog_temple
D:2:      layout_loops_corners, basic_altar, serial_park_tiny_1,
          nrook_mini_backslash, minmay_tetromino_i2, uniq_crazy_yiuf_cottage
D:3:      layout_basic, tgw_xom, lemuel_crystal_altar
D:4:      layout_loops_ring, nicolae_overflow_quartered_altars, uniq_robin,
          uniq_sigmund
D:5:      layout_gridville, chequers_serial_rivers_large_a,
          hangedman_decor_lopped, minmay_misc_feat_doors, columned_hall_lemuel,
          minivault_19, amethyst_killhole, minmay_manual_mail, uniq_menkaure
D:6:      layout_basic, minmay_temple_entry_statues_pillars, serial_shops,
          nicolae_square_shop
D:7:      nicolae_cairo_tiling_large, layout_loops_corners,
          gammafunk_temple_overflow_forgotten, enter_bailey_8, serial_undead,
          serial_undead_d, serial_undead_c, serial_undead_e, serial_undead_b,
          serial_undead_d, serial_undead_d, serial_undead_c, uniq_pikel,
          uniq_harold
D:8:      layout_loops_ring, nicolae_grassy_gnolls
D:9:      layout_basic, minivault_7
D:10:     layout_stronghold, lair_entry_dummy, minmay_sticks_and_stones,
          uniq_grum
D:11:     layout_gridville
D:12:     layout_big_octagon, minmay_orc_entry_temple_small, uniq_fannar
Lair:1:   layout_cave_pods, minivault_23
Lair:2:   layout_loops_ring, gauntlet_entry_generic, guppyfry_lair_drakes,
          serial_bayou_shore_b, grunt_megastairs_1, uniq_gastronok
Lair:3:   layout_concentric_octagons, grunt_megastairs_5
Lair:4:   layout_regular_city, minmay_shoals_entry_lonely_mermaid,
          minmay_snake_entry_six_corridors, small_statue_intersection
Lair:5:   layout_cave_pods, hellmonk_ghost_happy_afterlife,
          grunt_forest_small_clearing_treed
Lair:6:   cheibrodos_lair_end_hotspot, layout_hall_layers, slime_altar_1,
          uniq_josephine, uniq_kirke
Orc:1:    layout_caves
Orc:2:    grunt_orc_cross, layout_caves, serial_shops, shop, elf_legates

Skill      XL: |  1  2  3  4  5  6  7  8  9 10 11 12 13 14 |
---------------+-------------------------------------------+-----
Polearms       | 4 5 7 9 11 12 14 16 18 | 18.7
Fighting       | 3 4 5 6 7 8 9 10 11 12 | 12.4
Armour         | 1 2 3 4 5 6 7 8 10 11 12 | 12.0
Throwing       | 3 4 5 6 7 8 9 10 | 10.6
Dodging        | 4 5 6 7 8 9 10 11 | 11.6
Invocations    | 1 2 3 4 5 6 7 8 9 10 | 10.1

Action                   |  1- 3 |  4- 6 |  7- 9 | 10-12 | 13-15 || total
-------------------------+-------+-------+-------+-------+-------++-------
Melee: Trident           |    97 |   107 |       |       |       ||   204
       Headbutt          |     5 |     9 |    20 |    70 |   102 ||   206
       Punch             |     1 |     1 |       |       |       ||     2
       Scythe            |       |    11 |   159 |   436 |   429 ||  1035
       Bite              |       |       |     7 |    33 |    52 ||    92
       Spear             |       |       |       |     7 |    12 ||    19
       Unarmed           |       |       |       |       |    11 ||    11
 Fire: Shortbow          |       |       |       |       |     3 ||     3
Throw: Dart              |       |     5 |       |       |       ||     5
       Throwing net      |       |     4 |       |       |     3 ||     7
       Boomerang         |       |       |       |       |     5 ||     5
Invok: Recall Undead Har |       |     3 |     3 |     2 |    23 ||    31
       Dark Bargain      |       |       |       |     2 |       ||     2
       Stop Recall       |       |       |       |       |     1 ||     1
       Bind Soul         |       |       |       |       |     1 ||     1
  Use: Potion            |       |     1 |     1 |     2 |       ||     4
       Scroll            |       |       |     5 |     2 |    10 ||    17
 Stab: Sleeping          |     1 |     1 |       |       |       ||     2
       Distracted        |       |     2 |     1 |    10 |    11 ||    24
       Invisible         |       |     1 |       |       |       ||     1
       Petrified         |       |       |       |       |     2 ||     2
       Held in net/web   |       |       |       |       |     1 ||     1
Armor: Leather armour    |    11 |     2 |       |    31 |       ||    44
       Ring mail         |       |    11 |    69 |    27 |       ||   107
       Scale mail        |       |       |       |    81 |   184 ||   265
Dodge: Dodged            |    46 |    56 |   222 |   484 |   597 ||  1405

Table legend: (Time is in decaauts)
 A = Elapsed time spent in this place.
 B = Non-inter-level travel time spent in this place.
 C = Inter-level travel time spent in this place.
 D = Time resting spent in this place.
 E = Time spent auto-exploring this place.
 F = Levels seen in this place.
 G = Mean time per level.
                   A        B        C        D        E       F      G
               +--------+--------+--------+--------+--------+-----+--------+
         Total |  20897 |  19161 |   1736 |   1011 |  13982 |  22 |  949.9 |
       Dungeon |  13695 |  12387 |   1308 |    813 |   8781 |  12 | 1141.2 |
          Lair |   6188 |   5761 |    427 |    149 |   4731 |   6 | 1031.3 |
  Orcish Mines |    190 |    190 |      0 |      0 |     75 |   2 |   95.0 |
        Bailey |    419 |    419 |      0 |     49 |    234 |   1 |  419.0 |
      Gauntlet |    404 |    404 |      0 |      0 |    160 |   1 |  404.0 |
               +--------+--------+--------+--------+--------+-----+--------+

Top non-repeatable levels by time:
    D:10: 2252 daAuts
  Lair:6: 1676 daAuts
     D:2: 1650 daAuts
     D:7: 1283 daAuts
     D:4: 1195 daAuts
     D:5: 1142 daAuts
  Lair:5: 1134 daAuts
     D:1: 1116 daAuts
     D:9: 1092 daAuts
     D:6: 1017 daAuts
     D:8: 920 daAuts
     D:3: 866 daAuts
  Lair:4: 864 daAuts
  Lair:2: 857 daAuts
  Lair:1: 847 daAuts
